 Dungeon Crawl Stone Soup version 0.21-a0-401-g0b6bec4 (webtiles) character file.

69 Kavrick the Bolt Thrower (level 4, -4/34 HPs)
             Began as a Demonspawn Hunter on Oct 23, 2017.
             Was an Initiate of Dithmenos.
             Slain by a hippogriff (5 damage)
             ... on level 3 of the Dungeon.
             The game lasted 00:03:34 (1675 turns).

Kavrick the Bolt Thrower (Demonspawn Hunter)        Turns: 1675, Time: 00:03:35

Health: -4/34      AC:  3    Str: 14    XL:     4   Next: 2%
Magic:  4/4        EV: 12    Int: 12    God:    Dithmenos [......]
Gold:   80         SH:  0    Dex: 17    Spells: 3/3 levels left

rFire    + . .     SeeInvis .   b - +0 dagger (elec)
rCold    . . .     Gourm    .   (no shield)
rNeg     . . .     Faith    .   c - +0 leather armour
rPois    .         Spirit   .   (helmet restricted)
rElec    .         Reflect  .   (no cloak)
rCorr    .         Harm     .   (no gloves)
MR       .....                  (no boots)
Stlth    ++........             (no amulet)
HPRegen  0.11/turn              (no ring)
MPRegen  0.09/turn              (no ring)

@: no status effects
A: horns 1, thin skeletal structure 1, fire resistance 1, strong 1, wild magic 1
a: Renounce Religion


You were on level 3 of the Dungeon.
You worshipped Dithmenos.
Dithmenos was noncommittal.
You were not hungry.

You visited 1 branch of the dungeon, and saw 3 of its levels.

You collected 80 gold pieces.

Inventory:

Hand Weapons
 a - a +1 hand crossbow
 b - a +0 dagger of electrocution (weapon)
Missiles
 d - 5 bolts
Armour
 c - a +0 leather armour (worn)
Jewellery
 n - a +3 amulet of reflection {unknown}
Scrolls
 e - a scroll of random uselessness {unknown}
 j - a scroll of amnesia {unknown}
 k - 4 scrolls of remove curse {unknown}
 l - a scroll of enchant weapon {unknown}
 m - 2 scrolls of identify {unknown}
Potions
 h - 3 potions of curing
 i - a potion of mutation
 p - a potion of agility
Comestibles
 f - a bread ration
 g - 5 chunks of flesh
 o - a royal jelly


   Skills:
 + Level 2.6 Fighting
 * Level 4.2 Crossbows
 + Level 1.1 Armour
 + Level 2.3 Dodging
 - Level 0.8 Stealth


You had 3 spell levels left.
You didn't know any spells.

Dungeon Overview and Level Annotations

Branches:
Dungeon (3/15)

Altars:
Ashenzari
Dithmenos
Gozag
Kikubaaqudgha
Ru
Wu Jian
Xom


Innate Abilities, Weirdness & Mutations

You have a somewhat thin skeletal structure. (Dex +2, Stealth)
You have a pair of small horns on your head.
Your flesh is heat resistant. (rF+)
Your muscles are strong. (Str +2)
Your spells are a little harder to cast, but a little more powerful.


Message History

Aim: a hippogriff (heavily wounded)
You shoot a bolt. The bolt hits the hippogriff.
The hippogriff is heavily wounded.
The hippogriff bites you.
The hippogriff pecks you but does no damage.
The hippogriff claws you.
You hear the crackle of electricity.
b - a +0 dagger of electrocution (weapon)
The hippogriff bites you!
* * * LOW HITPOINT WARNING * * *
The hippogriff pecks you but does no damage.
The hippogriff claws you!
* * * LOW HITPOINT WARNING * * *
You hit the hippogriff but do no damage.
Lightning courses through the hippogriff!
The hippogriff is almost dead.
The hippogriff bites you but does no damage.
The hippogriff pecks you but does no damage.
The hippogriff claws you.
You die...

. .....###.....
####.##.(.#.......
#....#..(†.......#
#.......(.......(#
.##...##..(...(.....
#>......$............
#....##.....#........
######..........H#........
.(..##.........#@#........
###.##...........#........
###.##...........#........
..#.# #...........#######
#.#.###...........#
#.#.........###...#
#.#...........+......
#.##.......####......
#.##..........#......


You could see a hippogriff.

Vanquished Creatures
  2 adders (D:2)
  A worm (D:2)
  2 leopard geckos (D:1)
  2 ball pythons
  5 bats
  3 giant cockroaches
  6 goblins
  7 hobgoblins
  5 kobolds
  A quokka (D:2)
  3 frilled lizards
  7 rats
44 creatures vanquished.

Notes
Turn   | Place    | Note
-------+----------+-------------------------------------------
     0 | D:1      | Kavrick the Demonspawn Hunter began the quest for the Orb.
     0 | D:1      | Reached XP level 1. HP: 16/16 MP: 1/1
    74 | D:1      | Gained mutation: You have a somewhat thin skeletal structure. (Dex +2, Stealth) [demonic ancestry]
    74 | D:1      | Reached XP level 2. HP: 22/22 MP: 2/2
   465 | D:2      | Reached skill level 4 in Crossbows
   647 | D:2      | Found an ornate altar of the Wu Jian Council.
   656 | D:2      | Reached XP level 3. HP: 24/28 MP: 3/3
   837 | D:2      | Found an ancient bone altar of Kikubaaqudgha.
   839 | D:2      | Found a shattered altar of Ashenzari.
   841 | D:2      | Found a shadowy altar of Dithmenos.
   841 | D:2      | Found a sacrificial altar of Ru.
   842 | D:2      | Found a shimmering altar of Xom.
   842 | D:2      | Found an opulent altar of Gozag.
   862 | D:2      | Gained mutation: Your flesh is heat resistant. (rF+) [potion of mutation]
   862 | D:2      | Gained mutation: You have a pair of small horns on your head. [potion of mutation]
   862 | D:2      | Gained mutation: Your spells are a little harder to cast, but a little more powerful. [potion of mutation]
   862 | D:2      | Gained mutation: Your muscles are strong. (Str +2) [potion of mutation]
   866 | D:2      | Reached skill level 1 in Armour
   880 | D:2      | Became a worshipper of Dithmenos the Shadowed
  1127 | D:2      | Found a faded altar of an unknown god.
  1628 | D:3      | Reached XP level 4. HP: 23/34 MP: 4/4
  1668 | D:3      | Noticed a hippogriff
  1674 | D:3      | HP: 1/34 [hippogriff (8)]
  1675 | D:3      | Slain by a hippogriff

Vault maps used:
D:1:      eino_arrival_water_cross
D:2:      grunt_temple_overflow_open, nicolae_overflow_crystal_walls,
          chequers_ecumenical_altar_simple
D:3:      kennysheep_the_goblin_king, first_bread, uniq_sigmund

Skill      XL: |  1  2  3 |
---------------+----------+-----
Dodging        | 2 |  2.3
Crossbows      | 4 |  4.2
Armour         | 1 |  1.1
Fighting       | |  2.6
Stealth        | |  0.8

Action                   |  1- 3 |  4- 6 || total
-------------------------+-------+-------++-------
Melee: Short sword       |    53 |       ||    53
       Dagger            |    17 |     2 ||    19
       Headbutt          |     3 |       ||     3
 Fire: Hand crossbow     |    53 |     5 ||    58
  Use: Potion            |     3 |       ||     3
 Stab: Sleeping          |     2 |       ||     2
  Eat: Chunk             |     2 |       ||     2
Armor: Leather armour    |    15 |     4 ||    19
Dodge: Dodged            |    51 |       ||    51

Table legend:
 A = Spawn XP
 B = Non-spawn XP
 C = Spawn XP percentage of total XP
 D = Spawn monster count
 E = Non-spawn monster count
 F = Spawn count percentage of total count
 G = Total turns spent on level
                    A         B        C        D         E        F      G
               +---------+---------+-------+---------+---------+-------+---------
         Total |       0 |      99 |   0.0 |       0 |      44 |   0.0 |  1675
               +---------+---------+-------+---------+---------+-------+---------
           D:1 |       0 |      33 |   0.0 |       0 |      19 |   0.0 |   413
           D:2 |       0 |      56 |   0.0 |       0 |      19 |   0.0 |  1136
           D:3 |       0 |      10 |   0.0 |       0 |       6 |   0.0 |   126
               +---------+---------+-------+---------+---------+-------+---------
